 Dungeon Crawl Stone Soup version 0.31-a0-152-g6aa68a64a1 (webtiles) character file.

Game seed: 2429628279322117082

1047 qw the Cleaver (level 8, 0/49 HPs)
             Began as a Gargoyle Fighter on June 10, 2023.
             Slain by a gnoll
             ... wielding a +0 whip
             ... led by a gnoll bouda
              (7 damage)
             ... on level 5 of the Dungeon.
             The game lasted 00:02:16 (4136 turns).

qw the Cleaver (Gargoyle Fighter)                   Turns: 4136, Time: 00:02:17

Health: 0/49       AC: 15    Str: 22    XL:     8   Next: 25%
Magic:  8/8        EV:  8    Int:  9    God:
Gold:   211        SH:  9    Dex:  9    Spells: 7/7 levels left

rFire   + . .        Y - +0 war axe
rCold   . . .        c - +0 buckler
rNeg    + . .        k - +0 chain mail
rPois   inf          b - +0 helmet
rElec   +            (no cloak)
rCorr   .            (no gloves)
SInv    .            (no boots)
Will    .....        i - amulet of reflection Stlth
                     g - ring of protection from fire
HPRegen 0.28/turn    (no ring)
MPRegen 0.11/turn

%: reflection
@: no status effects
A: sickness immunity, AC +5, negative energy resistance 1, electricity
resistance, torment resistance 1, petrification resistance
a: no special abilities


You were on level 5 of the Dungeon.
You visited 1 branch of the dungeon, and saw 5 of its levels.

You collected 211 gold pieces.


Innate Abilities, Weirdness & Mutations

You are immune to sickness and miasma.
Your stone body is resilient. (AC +5)
You are immune to poison.
You resist negative energy. (rN+)
You are resistant to electric shocks. (rElec)
You are resistant to unholy torment.
You are immune to petrification.


   Skills:
 + Level 5.1 Fighting
 - Level 8.0 Axes
 - Level 3.2 Armour
 - Level 1.1 Dodging
 - Level 3.2 Shields


You had 7 spell levels left.
You didn't know any spells.
Your spell library was empty.

Inventory:

Hand Weapons
 q - a +0 flail
 Y - a +0 war axe (weapon)
Armour
 b - a +0 helmet (worn)
 c - a +0 buckler (worn)
 k - a +0 chain mail (worn)
Jewellery
 g - a ring of protection from fire (left hand)
 i - an amulet of reflection (around neck)
Scrolls
 a - 2 scrolls of identify
 e - a scroll of immolation {unknown}
Potions
 d - a potion of might
 f - a potion of cancellation
 h - 2 potions of attraction
 j - 2 potions of curing
 l - a potion of lignification
 m - a potion of magic
 p - a potion of resistance {unknown}
 r - a potion of haste {unknown}

Dungeon Overview and Level Annotations

Branches:
Dungeon (5/15)
 Temple: D:4-7

Altars:
Dithmenos
Fedhas
Hepliaklqana
Nemelex Xobeh
Qazlal
Uskayaw
Vehumet
Wu Jian


Message History

You barely miss the gnoll bouda.
The gnoll bouda is almost dead.
You hit the gnoll. You block the gnoll's attack.
The gnoll hits you but does no damage.
The gnoll bouda hits you but does no damage.
The gnoll hits you from afar with a +0 halberd.
You hit the gnoll bouda but do no damage.
The gnoll bouda is almost dead.
You hit the gnoll but do no damage. The gnoll hits you with a +0 whip.
The gnoll bouda calls upon its god to heal the gnoll.
The gnoll is healed somewhat.
The gnoll barely misses you.
You closely miss the gnoll bouda.
The gnoll bouda is almost dead.
You hit the gnoll but do no damage. The gnoll hits you but does no damage.
The gnoll bouda hits you but does no damage.
The gnoll closely misses you.
You barely miss the gnoll bouda.
The gnoll bouda is almost dead.
You closely miss the gnoll. The gnoll hits you but does no damage.
A gnoll comes into view. It is wielding a +0 flail.
The gnoll bouda hits you with a +0 whip!
You block the gnoll's attack.
You hit the gnoll bouda.
You kill the gnoll bouda!
You barely miss the gnoll.
Your attacks no longer feel as feeble.
You block the gnoll's attack. The gnoll barely misses you.
You block the gnoll's attack.
Your Axes skill increases to level 8!
You closely miss the gnoll.
The gnoll is heavily wounded.
The gnoll hits you but does no damage. x2
You hit the gnoll.
The gnoll is heavily wounded.
The gnoll hits you from afar with a +0 halberd.
The gnoll hits you with a +0 whip!
You die...

##. #.. #<. #.. #.. #..
#g# #.. ##g## #.. #
##.)@## #.. #.##.....##
#..
#.........############..
####.............^......
##...####### ######..
##.###############.#
#.................#
###################


You could see 2 gnolls.

Vanquished Creatures
  A black bear (D:4)
  An ogre (D:5)
  2 phantoms
  A scorpion (D:5)
  A jelly (D:5)
  7 hounds
  3 gnoll boudas (D:5)
  An iguana (D:4)
  Natasha (thrice) (D:2)
  An orc wizard (D:5)
  9 gnolls
  2 adders (D:3)
  A worm (D:2)
  5 dart slugs
  7 orcs
  5 ball pythons
  8 endoplasms
  3 giant cockroaches
  11 goblins
  8 hobgoblins
  2 jackals (D:1)
  5 quokkas
  7 bats
  6 frilled lizards
  9 kobolds
  2 rats
111 creatures vanquished.

Notes
Turn   | Place    | Note
-------+----------+-------------------------------------------
     0 | D:1      | qw the Gargoyle Fighter began the quest for the Orb.
     0 | D:1      | Reached XP level 1. HP: 14/14 MP: 1/1
     0 | D:1      | 0 ||| qw: Version: 0.2-a-123-gb51047a
     0 | D:1      | 0 ||| qw: Game counter: 3685
     0 | D:1      | 0 ||| qw: Always use a shield: true
     0 | D:1      | 0 ||| qw: God list: Okawaru
     0 | D:1      | 0 ||| qw: Allow faded altars: false
     0 | D:1      | 0 ||| qw: Do Orc after D:15 true
     0 | D:1      | 0 ||| qw: Do second Lair branch before Depths: true
     0 | D:1      | 0 ||| qw: Lair rune preference: random
     0 | D:1      | 0 ||| qw: Plans: Normal, Zot:1-4, Slime:5, God:TSO, Crypt,
                  | Tomb, Abyss, Pan, Hells, Win
     0 | D:1      | 0 ||| PLANNING D:1-11
    91 | D:1      | Reached skill level 2 in Axes
   271 | D:1      | Reached XP level 2. HP: 16/19 MP: 2/2
   347 | D:1      | 347 ||| Stepping ~*~*~tactically~*~*~ (hiding).
   348 | D:1      | 348 ||| Stepping ~*~*~tactically~*~*~ (hiding).
   349 | D:1      | 349 ||| Stepping ~*~*~tactically~*~*~ (hiding).
   350 | D:1      | 350 ||| Stepping ~*~*~tactically~*~*~ (hiding).
   351 | D:1      | 351 ||| Stepping ~*~*~tactically~*~*~ (hiding).
   370 | D:1      | 370 ||| Stepping ~*~*~tactically~*~*~ (stealth).
   372 | D:1      | 372 ||| Stepping ~*~*~tactically~*~*~ (hiding).
   373 | D:1      | 373 ||| Stepping ~*~*~tactically~*~*~ (hiding).
   374 | D:1      | 374 ||| Stepping ~*~*~tactically~*~*~ (hiding).
   375 | D:1      | 375 ||| Stepping ~*~*~tactically~*~*~ (hiding).
   395 | D:1      | 395 ||| UPGRADING to ring of protection from fire.
   396 | D:1      | 396 ||| READING 2 scrolls labelled VOKI CAIBBO.
   401 | D:1      | Reached skill level 3 in Axes
   485 | D:1      | Reached XP level 3. HP: 23/23 MP: 3/3
   528 | D:1      | 528 ||| Stepping ~*~*~tactically~*~*~ (hiding).
   688 | D:1      | 688 ||| READING scroll labelled KEQUNE CEDEGESH.
   693 | D:1      | 693 ||| READING scroll labelled NIBLOA LUSEMNE.
   694 | D:1      | 694 ||| DRINKING 2 orange potions.
   725 | D:2      | 725 ||| DROPPING +0 club.
   822 | D:2      | 822 ||| Stepping ~*~*~tactically~*~*~ (stealth).
   941 | D:2      | Noticed Natasha
   942 | D:2      | 942 ||| Stepping ~*~*~tactically~*~*~ (hiding).
   949 | D:2      | Killed Natasha
   950 | D:2      | Reached skill level 4 in Axes
   950 | D:2      | Reached XP level 4. HP: 27/28 MP: 4/4
  1172 | D:2      | Noticed Natasha
  1183 | D:2      | HP: 5/28 [Natasha (5)]
  1184 | D:2      | Killed Natasha
  1301 | D:2      | Noticed Natasha
  1302 | D:2      | 1302 ||| Stepping ~*~*~tactically~*~*~ (hiding).
  1305 | D:2      | 1305 ||| Stepping ~*~*~tactically~*~*~ (hiding).
  1306 | D:2      | 1306 ||| Stepping ~*~*~tactically~*~*~ (hiding).
  1311 | D:2      | Killed Natasha
  1312 | D:2      | Reached XP level 5. HP: 32/32 MP: 5/5
  1419 | D:2      | 1419 ||| UPGRADING to +0 chain mail.
  1429 | D:2      | 1429 ||| DROPPING +0 scale mail.
  1430 | D:2      | 1430 ||| UPGRADING to amulet of reflection.
  1435 | D:2      | 1435 ||| READING scroll labelled JEMOUL REFENG.
  1436 | D:2      | 1436 ||| READING 2 scrolls of identify.
  1436 | D:2      | 1436 ||| IDENTIFYING fizzy white potion
  1668 | D:3      | Found a hazy altar of Hepliaklqana.
  1763 | D:3      | 1763 ||| Stepping ~*~*~tactically~*~*~ (stealth).
  1764 | D:3      | 1764 ||| Stepping ~*~*~tactically~*~*~ (stealth).
  2079 | D:3      | 2079 ||| Stepping ~*~*~tactically~*~*~ (stealth).
  2080 | D:3      | 2080 ||| Stepping ~*~*~tactically~*~*~ (stealth).
  2081 | D:3      | 2081 ||| Stepping ~*~*~tactically~*~*~ (stealth).
  2082 | D:3      | 2082 ||| Stepping ~*~*~tactically~*~*~ (stealth).
  2086 | D:3      | Reached skill level 5 in Axes
  2160 | D:3      | Found a faded altar of an unknown god.
  2174 | D:3      | 2174 ||| Stepping ~*~*~tactically~*~*~ (stealth).
  2520 | D:3      | 2520 ||| UPGRADING to +0 helmet.
  2525 | D:3      | 2525 ||| DROPPING ring of flight.
  2526 | D:3      | 2526 ||| READING scroll labelled XEZXEU WAID.
  2527 | D:3      | 2527 ||| DRINKING 2 bubbling red potions.
  2528 | D:3      | 2528 ||| READING 2 scrolls of identify.
  2528 | D:3      | 2528 ||| IDENTIFYING glowing grey potion
  2587 | D:4      | 2587 ||| FLEEEEING.
  2588 | D:4      | 2588 ||| FLEEEEING.
  2592 | D:4      | 2592 ||| FLEEEEING.
  2593 | D:4      | 2593 ||| FLEEEEING.
  2596 | D:4      | 2596 ||| STAIRDANCE
  2683 | D:4      | Reached XP level 6. HP: 29/38 MP: 6/6
  2727 | D:4      | 2727 ||| DROPPING +0 whip.
  2759 | D:4      | Noticed a black bear
  2770 | D:4      | Killed a black bear
  2846 | D:4      | 2846 ||| Stepping ~*~*~tactically~*~*~ (stealth).
  2871 | D:4      | Reached skill level 6 in Axes
  2883 | D:4      | 2883 ||| Stepping ~*~*~tactically~*~*~ (hiding).
  2884 | D:4      | 2884 ||| Stepping ~*~*~tactically~*~*~ (hiding).
  2902 | D:4      | Reached XP level 7. HP: 39/43 MP: 7/7
  2933 | D:4      | Reached skill level 1 in Dodging
  2973 | D:4      | Found a stormy altar of Qazlal.
  3279 | D:4      | Found a shadowy altar of Dithmenos.
  3279 | D:4      | Found an ornate altar of the Wu Jian Council.
  3279 | D:4      | Found a sparkling altar of Nemelex Xobeh.
  3279 | D:4      | Found a blossoming altar of Fedhas.
  3292 | D:4      | Found a hide-covered altar of Uskayaw.
  3297 | D:4      | Found a radiant altar of Vehumet.
  3499 | D:4      | 3499 ||| READING scroll labelled KAS LUTSIMY.
  3500 | D:4      | 3500 ||| READING scroll labelled OPRADWAHAS.
  3501 | D:4      | 3501 ||| READING scroll labelled ENOGOAXTYSK.
  3502 | D:4      | 3502 ||| READING scroll labelled RYGATI OXZATA.
  3503 | D:4      | 3503 ||| DRINKING 2 fizzy orange potions.
  3504 | D:4      | 3504 ||| READING 2 scrolls of identify.
  3504 | D:4      | 3504 ||| IDENTIFYING bubbling purple potion
  3505 | D:4      | 3505 ||| DROPPING potion of enlightenment.
  3537 | D:5      | Entered Level 5 of the Dungeon
  3589 | D:5      | Reached skill level 7 in Axes
  3602 | D:5      | 3602 ||| Stepping ~*~*~tactically~*~*~ (stealth).
  3605 | D:5      | 3605 ||| Stepping ~*~*~tactically~*~*~ (hiding).
  3606 | D:5      | 3606 ||| Stepping ~*~*~tactically~*~*~ (hiding).
  3607 | D:5      | 3607 ||| FLEEEEING.
  3619 | D:5      | Reached XP level 8. HP: 17/49 MP: 8/8
  4115 | D:5      | 4115 ||| Stepping ~*~*~tactically~*~*~ (hiding).
  4133 | D:5      | HP: 7/49 [gnoll bouda/+0 whip (8)]
  4135 | D:5      | Reached skill level 8 in Axes
  4136 | D:5      | Slain by a gnoll

Levels and vault maps discovered:
D:1:      ncdulo_halloftheorcs, layout_basic, minmay_strange_pillars
D:2:      layout_rooms, uniq_natasha
D:3:      layout_basic, nicolae_hepliaklqana_hippocampus, basic_ecumenical_altar
D:4:      layout_loops_ring, nicolae_qazlal_scattered_showers,
          minmay_overflow_temple_hex, kennysheep_small_square
D:5:      layout_loops_ring, minmay_bent

Skill      XL: |  1  2  3  4  5  6  7  8 |
---------------+-------------------------+-----
Axes           | 2 3 4 5 6 7 8 |  8.0
Fighting       | 4 5 |  5.1
Dodging        | 1 |  1.1
Armour         | |  3.2
Shields        | |  3.2

Action                     |  1- 3 |  4- 6 |  7- 9 || total
---------------------------+-------+-------+-------++-------
  Melee: War axe           |    94 |   138 |   121 ||   353
    Use: Scroll            |     3 |     4 |     5 ||    12
         Potion            |     1 |     1 |     1 ||     3
 Armour: Scale mail        |    39 |     2 |       ||    41
         Chain mail        |       |    56 |   107 ||   163
  Dodge: Dodged            |    34 |    34 |    58 ||   126
  Block: Buckler           |    15 |    55 |    77 ||   147
         Reflection        |       |     1 |       ||     1

Table legend:
 A = Non-vault XP
 B = Vault XP
 C = Vault XP percentage of total XP
 D = Non-vault monster count
 E = Vault monster count
 F = Vault count percentage of total count
                 A         B        C        D         E       F
            +---------+---------+-------+---------+---------+-------
      Total |     935 |     562 |  37.5 |     100 |      11 |   9.9
            +---------+---------+-------+---------+---------+-------
        D:1 |      42 |       0 |   0.0 |      25 |       0 |   0.0
        D:2 |     111 |      36 |  24.5 |      21 |       1 |   4.5
        D:3 |      57 |       0 |   0.0 |      18 |       0 |   0.0
        D:4 |     325 |     134 |  29.2 |      24 |       2 |   7.7
        D:5 |     400 |     392 |  49.5 |      12 |       8 |  40.0
            +---------+---------+-------+---------+---------+-------
